 Dungeon Crawl Stone Soup version 0.29-a0-334-gb41bcbb86e (webtiles) character file.

Game seed: 15198985863161987862

1113 spaghetti the Agent of Entropy (level 8, 0/50 HPs)
             Began as a Djinni Fire Elementalist on Apr 13, 2022.
             Was a Priest of Lugonu.
             Shot with an arrow by a centaur (8 damage)
             ... on level 6 of the Dungeon.
             The game lasted 00:06:43 (6858 turns).

spaghetti the Agent of Entropy (DjFE)               Turns: 6858, Time: 00:06:44

Health: 0/50       AC:  2    Str:  6 (7)  XL:     8   Next: 59%
Gold:   247        EV: 12    Int: 16 (18) God:    Lugonu [***...] SH:  4 Dex: 17 (19)

rFire   + + +      SeeInvis .   W - +9 dagger of the Volcano {spect, rF+ Dex+4, short}
rCold   x . .      Faith    +   h - +0 buckler
rNeg    . . .      Spirit   .   a - +0 robe
rPois   ∞          Reflect  .   (no helmet)
rElec   .          Harm     .   (no cloak)
rCorr   .          Rampage  .   (no gloves)
Will    .....                   (boots unavailable)
Stlth   ++........              G - amulet of faith {!P}
HPRegen 0.16/turn               (no ring)
MPRegen 0.00/turn               (no ring)

@: flying
A: sickness immunity, fire resistance 2, cold vulnerability 1, float, innate
caster, HP casting, extra vitality 1
a: Renounce Religion, Depart the Abyss, Bend Space, Banish


You were on level 6 of the Dungeon.
You worshipped Lugonu.
Lugonu was most pleased with you.
You visited 1 branch of the dungeon, and saw 6 of its levels.

You collected 247 gold pieces.


Innate Abilities, Weirdness & Mutations

You are immune to sickness and miasma.
You are immune to poison.
Your flesh is very heat resistant. (rF++)
You are vulnerable to cold. (rC-)
You float through the air rather than walking.
You learn spells naturally, not from books.
Your magical power is your life essence.
You have superior vitality. (+4 MHP)


   Skills:
 + Level 2.8 Short Blades
 - Level 2.1 Dodging
 - Level 1.5 Stealth
 + Level 5.4 Spellcasting
 + Level 6.1 Invocations


You couldn't memorise any spells.
You knew the following spells:

 Your Spells              Type           Power      Damage    Failure   Level
a - Foxfire               Conj/Fire      84%        2x1d8     2%          1
b - Scorch                Fire           42%        2d7       3%          2
c - Conjure Flame         Conj/Fire      21%        6-21      6%          3
d - Inner Flame           Hex/Fire       21%        N/A       6%          3
e - Flame Wave            Conj/Fire      21%        2d7       22%         4
f - Apportation           Tloc           42%        N/A       2%          1
g - Wereblood             Tmut           21%        N/A       3%          2
h - Ozocubu's Armour      Ice            21%        N/A       6%          3
Your spell library was empty.

Inventory:

Hand Weapons
 Q - a +0 club {mace}
   (You took it off an orc on level 4 of the Dungeon)
 R - a +0 hand axe {axe}
   (You took it off an orc on level 4 of the Dungeon)
 S - a +0 dagger {short}
   (You took it off an orc wizard on level 4 of the Dungeon)
 T - a +0 dagger {short}
   (You took it off a goblin on level 4 of the Dungeon)
 U - a +0 trident {polearm}
   (You took it off Blork the orc on level 4 of the Dungeon)
 V - a +0 club {mace}
   (You took it off a goblin on level 4 of the Dungeon)
 W - the +9 dagger of the Volcano (weapon) {spect, rF+ Dex+4, short}
   (You found it on level 4 of the Dungeon)

   When its wielder attacks, the weapon's spirit leaps out and strikes again.
   The spirit shares a part of any damage it takes with its wielder.
   Dex:       It affects your dexterity (+4).
   rF:        It protects you from fire.
Missiles
 e - 108 stones {throwing}
 E - 3 poisoned darts {throwing}
Armour
 a - a +0 robe (worn)
 h - a +0 buckler (worn)
   (You found it on level 5 of the Dungeon)
Jewellery
 G - an amulet of faith (around neck) {!P}
   (You found it on level 3 of the Dungeon)
 J - an amulet of regeneration {@e2}
   (You found it on level 3 of the Dungeon)
Scrolls
 b - 4 scrolls of fear {unknown}
 d - 2 scrolls of magic mapping {unknown}
 i - a scroll of amnesia {unknown}
 t - 9 scrolls of identify {unknown}
 A - a scroll of enchant armour {unknown}
 B - a scroll of enchant weapon {unknown}
 H - a scroll of silence {unknown}
 M - 2 scrolls of fog {unknown}
 N - a scroll of teleportation {unknown}
 O - a scroll of noise {unknown}
Potions
 c - 2 potions of berserk rage {unknown}
 f - a potion of lignification {unknown}
 g - 2 potions of degeneration {!q@e2}
 j - a potion of mutation {unknown}
 k - 3 potions of heal wounds {unknown}
 p - a potion of curing {unknown}
 u - 2 potions of brilliance {unknown}
 v - a potion of flight {unknown}
 C - 3 potions of attraction {unknown}
 F - a potion of might {unknown}

Dungeon Overview and Level Annotations

Branches:
Dungeon (6/15)             Temple (0/1) D:5

Altars:
Lugonu

Shops:
D:4 *   D:5 *

Annotations:
D:3 2 transporters

.# . .# #. #. .# #.
#. .# #. #. .# .#.
.#+#.#. #.#.#
.....c)#######.#.#
.........@.....#.#
........####...#.#
.....l..# #...#.#
........# #...#.#
........# #...#.#
........####...#.##
...............[..#
.......#########..#
#..#


You could see a centaur and an iguana.


Message History

Done exploring.
Done exploring.
(D) Dungeon (T) Temple
Where to? (Enter - D:5, ? - help)
There is a stone staircase leading down here.
You fly downwards.
There is a stone staircase leading up here.
Unknown command.
Unknown command.
You see here a +0 robe.
e - 108 stones {throwing} (gained 19) Key pressed, stopping explore.
A jelly comes into view.
The jelly quivers.
A jelly is nearby!
Casting: Scorch (safe; 3% risk of failure)
Confirm with . or Enter, or press ? or * to list all spells.
You can't see any susceptible monsters within range! (Use Z to cast anyway.)
Casting: Scorch (safe; 3% risk of failure)
Confirm with . or Enter, or press ? or * to list all spells.
Flames lash the jelly.
The jelly's fire resistance burns away. 😕 HP[-2]
You take 2 damage, and now have 48/50 hp.
Casting: Scorch (safe; 3% risk of failure)
Confirm with . or Enter, or press ? or * to list all spells.
Flames lash the jelly.
The jelly is burned terribly!
You kill the jelly!
Lugonu accepts your kill. 😕 HP[-2]
You take 2 damage, and now have 46/50 hp.
You see here a +0 leather armour.
A centaur comes into view. 😎 HP[+4]
Your hp is fully restored (50).
A centaur is nearby!
A centaur is nearby!
Casting: Scorch (safe; 3% risk of failure)
Confirm with . or Enter, or press ? or * to list all spells.
You can't see any susceptible monsters within range! (Use Z to cast anyway.)
Casting: Scorch (safe; 3% risk of failure)
Confirm with . or Enter, or press ? or * to list all spells.
Flames lash the centaur.
The centaur shouts!
The centaur's fire resistance burns away.
You hear an angry hiss. x2
The centaur wields a +0 shortbow.
The centaur shoots an arrow.
The arrow hits you!
An iguana comes into view.
You hear a shout! 😮 HP[-14]
You take 14 damage, and now have 36/50 hp.
MASSIVE DAMAGE!! (PAUSE)
Casting: Scorch (safe; 3% risk of failure)
Confirm with . or Enter, or press ? or * to list all spells.
Flames lash the centaur.
The centaur is burned terribly!
You kill the centaur!
Lugonu accepts your kill.
The iguana hisses menacingly.
Your Invocations skill increases to level 6! 😮 HP[-2]
You take 2 damage, and now have 34/50 hp.
A centaur comes into view.
The centaur shouts!
The centaur wields a +0 shortbow.
The centaur shoots an arrow.
The arrow hits you! 😮 HP[-7]
You take 7 damage, and now have 27/50 hp.
An iguana comes into view.
The centaur shoots an arrow.
The arrow hits you!
* * * LOW HITPOINT WARNING * * *
😨 HP[-10]
You take 10 damage, and now have 17/50 hp.
Casting: Scorch (safe; 2% risk of failure)
Confirm with . or Enter, or press ? or * to list all spells.
Flames lash the iguana.
The iguana's fire resistance burns away.
The iguana hisses angrily.
* * * LOW HITPOINT WARNING * * *
The centaur shoots an arrow.
The arrow barely misses you.
The centaur shoots an arrow.
The arrow hits you.
* * * LOW HITPOINT WARNING * * *
😱 HP[-5]
You take 5 damage, and now have 12/50 hp.
The iguana attacks as you move away! The iguana closely misses you.
The centaur shoots an arrow.
The arrow closely misses you.
Casting: Scorch (safe; 2% risk of failure)
Confirm with . or Enter, or press ? or * to list all spells.
Flames lash the iguana.
The iguana is burned terribly!
You kill the iguana!
Lugonu accepts your kill.
* * * LOW HITPOINT WARNING * * *
The centaur shoots an arrow.
The arrow hits you.
* * * LOW HITPOINT WARNING * * *
😱 HP[-4]
You take 4 damage, and now have 8/50 hp.
It was a potion of degeneration.
There was something very wrong with that liquid.
You feel weakened.
You feel dopey.
You feel clumsy.
The centaur shoots an arrow.
The arrow hits you!
You die...

Skill      XL: |  1  2  3  4  5  6  7  8 |
---------------+-------------------------+-----
Invocations    | 1 2 3 4 5 6 |  6.1
Spellcasting   | 3 4 5 |  5.4
Short Blades   | 1 2 |  2.8
Dodging        | |  2.1
Stealth        | |  1.5

Action                   |  1- 3 |  4- 6 |  7- 9 || total
-------------------------+-------+-------+-------++-------
Melee: Dagger            |       |       |     3 ||     3
 Cast: Foxfire           |    46 |    22 |    25 ||    93
       Scorch            |    13 |    66 |    30 ||   109
  Use: Potion            |       |       |     1 ||     1
Armor: Robe              |     5 |     2 |     3 ||    10
Dodge: Dodged            |    14 |     9 |    13 ||    36

Levels and vault maps discovered:
D:1:      lemuel_arrival_broad_hall, layout_loops_corners,
          ebering_ecumenical_altar_ruins, hangedman_abyss_or_decor_lesser_grid,
          minmay_misc_feat_roman
D:2:      layout_basic, uniq_natasha
D:3:      gammafunk_steamed_eel, layout_loops_ring, uniq_terence
D:4:      layout_gridville, nicolae_shop_overcharged_wands, uniq_blork_the_orc
D:5:      layout_cave_pools, minmay_temple_entry_arrows, serial_shops,
          nicolae_shop_statue_plus
D:6:      layout_basic, hangedman_decor_lopped, uniq_edmund

Notes
Turn   | Place    | Note
-------+----------+-------------------------------------------
     0 | D:1      | spaghetti the Djinni Fire Elementalist began the quest for
                  | the Orb.
     0 | D:1      | Reached XP level 1. HP: 15/15 MP: 0/0
     0 | D:1      | magus.rc [v1.9.6]
   360 | D:1      | Found a faded altar of an unknown god.
   405 | D:1      | Prayed at the altar of an unknown god.
   405 | D:1      | Became a worshipper of Lugonu the Unformed
   405 | D:1      | Reached * piety under Lugonu
   405 | D:1      | Reached ** piety under Lugonu
   664 | D:1      | Reached XP level 2. HP: 18/21 MP: 0/0
   672 | D:1      | Reached skill level 1 in Invocations
  1731 | D:2      | Reached XP level 3. HP: 22/25 MP: 0/0
  1731 | D:2      | Learned a level 1 spell: Apportation
  1934 | D:2      | Reached skill level 3 in Spellcasting
  2104 | D:2      | Reached skill level 2 in Invocations
  2104 | D:2      | Reached XP level 4. HP: 14/31 MP: 0/0
  3080 | D:2      | Noticed Natasha
  3083 | D:2      | Killed Natasha
  3084 | D:2      | Reached XP level 5. HP: 28/35 MP: 0/0
  3084 | D:2      | Learned a level 2 spell: Wereblood
  3233 | D:3      | Reached skill level 3 in Invocations
  3748 | D:3      | Found a transporter.
  3765 | D:3      | Found a transporter.
  4097 | D:3      | Reached *** piety under Lugonu
  4270 | D:3      | Noticed Terence
  4276 | D:3      | Killed Terence
  4277 | D:3      | Reached XP level 6. HP: 34/40 MP: 0/0
  4526 | D:4      | Reached skill level 4 in Spellcasting
  4750 | D:4      | Reached skill level 4 in Invocations
  5113 | D:4      | Reached XP level 7. HP: 28/45 MP: 0/0
  5113 | D:4      | Learned a level 3 spell: Ozocubu's Armour
  5408 | D:4      | Found Vifis's Overcharged Wands.
  5491 | D:4      | Noticed Blork the orc
  5498 | D:4      | Killed Blork the orc
  5499 | D:4      | Reached skill level 5 in Invocations
  5562 | D:4      | Identified the +9 dagger of the Volcano {spect, rF+ Dex+4}
  5936 | D:5      | Entered Level 5 of the Dungeon
  5951 | D:5      | Found Raol Yll's General Store.
  6035 | D:5      | Found a staircase to the Ecumenical Temple.
  6046 | D:5      | Reached skill level 1 in Short Blades
  6046 | D:5      | Reached skill level 5 in Spellcasting
  6046 | D:5      | Reached XP level 8. HP: 37/50 MP: 0/0
  6421 | D:5      | Reached skill level 2 in Short Blades
  6852 | D:6      | Reached skill level 6 in Invocations
  6854 | D:6      | HP: 12/50 [centaur/arrow (3)]
  6858 | D:6      | Shot with an arrow by a centaur

Vanquished Creatures
  A water moccasin (D:5)
  A black bear (D:5)
  2 ogres
  A centaur (D:6)
  Blork the orc (D:4)
  A phantom (D:4)
  3 scorpions
  A jelly (D:6)
  A hound (D:4)
  Natasha (D:2)
  Terence (D:3)
  2 iguanas
  2 orc wizards
  3 gnolls (D:3)
  5 adders
  An ufetubus (D:5)
  3 worms
  4 dart slugs
  6 orcs
  5 ball pythons
  4 endoplasms
  A giant cockroach (D:2)
  6 goblins
  2 hobgoblins
  9 jackals
  6 quokkas
  9 bats
  A frilled lizard (D:3)
  A kobold (D:1)
  4 rats
88 creatures vanquished.

Vanquished Creatures (others)
  160 foxfires
160 creatures vanquished.

Grand Total: 248 creatures vanquished

Table legend:
 A = Non-vault XP
 B = Vault XP
 C = Vault XP percentage of total XP
 D = Non-vault monster count
 E = Vault monster count
 F = Vault count percentage of total count
                 A         B        C        D         E       F
            +---------+---------+-------+---------+---------+-------
      Total |    1428 |     162 |  10.2 |      85 |       3 |   3.4
            +---------+---------+-------+---------+---------+-------
        D:1 |      25 |       0 |   0.0 |      11 |       0 |   0.0
        D:2 |      86 |      36 |  29.5 |      25 |       1 |   3.8
        D:3 |     108 |      36 |  25.0 |      19 |       1 |   5.0
        D:4 |     431 |      90 |  17.3 |      18 |       1 |   5.3
        D:5 |     591 |       0 |   0.0 |       9 |       0 |   0.0
        D:6 |     187 |       0 |   0.0 |       3 |       0 |   0.0
            +---------+---------+-------+---------+---------+-------

Illustrated notes

Table legend:
 A = Kills in this place as a percentage of kills in entire the game.
 B = Kills by you in this place as a percentage of kills by you in the entire game.
 C = Kills by friends in this place as a percentage of kills by friends in the entire game.
 D = Other kills in this place as a percentage of other kills in the entire game.
 E = Experience gained in this place as a percentage of experience gained in the entire game.
 F = Experience gained in this place divided by the number of levels of this place that you have seen.
                   A       B       C       D       E      F
               +-------+-------+-------+-------+-------+----------------------
         Total | 100.0 | 100.0 |   N/A |   N/A | 100.0 | 265.0
       Dungeon | 100.0 | 100.0 |   N/A |   N/A | 100.0 | 265.0
               +-------+-------+-------+-------+-------+----------------------

Table legend: (Time is in decaauts)
 A = Elapsed time spent in this place.
 B = Non-inter-level travel time spent in this place.
 C = Inter-level travel time spent in this place.
 D = Time resting spent in this place.
 E = Time spent auto-exploring this place.
 F = Levels seen in this place.
 G = Mean time per level.
                   A        B        C        D        E       F      G
               +--------+--------+--------+--------+--------+-----+--------+
         Total |   6858 |   6708 |    150 |   1571 |   4602 |   6 | 1143.0 |
       Dungeon |   6858 |   6708 |    150 |   1571 |   4602 |   6 | 1143.0 |
               +--------+--------+--------+--------+--------+-----+--------+

Top non-repeatable levels by time:
     D:2: 1718 daAuts
     D:1: 1480 daAuts
     D:4: 1415 daAuts
     D:3: 1322 daAuts
     D:5: 828 daAuts
     D:6: 92 daAuts
